 Dungeon Crawl Stone Soup version 0.22-a0-553-g9358b0b (webtiles) character file.

28 pk666 the Magician (level 3, -3/19 HPs)
             Began as a Deep Elf Wizard on June 25, 2018.
             Slain by a centaur (6 damage)
             ... on level 2 of the Dungeon.
             The game lasted 00:01:46 (1126 turns).

pk666 the Magician (Deep Elf Wizard)                Turns: 1126, Time: 00:01:47

Health: -3/19      AC:  4    Str:  4    XL:     3   Next: 0%
Magic:  0/11       EV: 13    Int: 23    God:
Gold:   81         SH:  0    Dex: 13    Spells: 11/12 levels left

rFire    . . .     SeeInvis .   h - +0 dagger
rCold    . . .     Gourm    .   (no shield)
rNeg     . . .     Faith    .   a - +0 robe
rPois    .         Spirit   .   b - +0 hat
rElec    .         Reflect  .   (no cloak)
rCorr    .         Harm     .   o - +1 pair of gloves
MR       .....                  (no boots)
Stlth    ++........             (no amulet)
HPRegen  0.06/turn              (no ring)
MPRegen  0.12/turn              (no ring)

@: no status effects
A: no striking features
a: no special abilities


You were on level 2 of the Dungeon.
You were not hungry.

You visited 1 branch of the dungeon, and saw 2 of its levels.

You collected 81 gold pieces.

Inventory:

Hand Weapons
 h - a +0 dagger (weapon)
Armour
 a - a +0 robe (worn)
 b - a +0 hat (worn)
 o - a +1 pair of gloves (worn)
Jewellery
 p - an uncursed ring of positive energy {unknown}
Scrolls
 c - 2 scrolls of teleportation {unknown}
 f - a scroll of random uselessness {unknown}
 g - a scroll of fog {unknown}
 i - a scroll of blinking {unknown}
 l - a scroll of fear {unknown}
 m - a scroll of identify {unknown}
 n - a scroll of immolation {unknown}
 q - a scroll of amnesia {unknown}
Potions
 e - a potion of heal wounds {unknown}
 j - a potion of brilliance {unknown}
 k - a potion of might {unknown}
Comestibles
 d - 4 rations


   Skills:
 - Level 2.4 Dodging
 - Level 2.4 Stealth
 + Level 5.2 Spellcasting
 + Level 2.4 Conjurations
   Level 1.1 Summonings
   Level 1.1 Translocations


You had 11 spell levels left.
You knew the following spells:

 Your Spells              Type           Power        Failure   Level  Hunger
a - Magic Dart            Conj           ###.         3%          1    None

Your spell library contained the following spells:

 Spells                   Type           Power        Failure   Level  Hunger
 Conjure Flame            Conj/Fire      ##......     17%         3    ##.....
 Slow                     Hex            #.......     14%         2    None
 Mephitic Cloud           Conj/Pois/Air  #.......     21%         3    ##.....
 Blink                    Tloc           N/A          9%          2    None
 Call Imp                 Summ           ##......     9%          2    None


Dungeon Overview and Level Annotations

Branches:
Dungeon (2/15)

Altars:


Message History

The centaur hits you.
* * * LOW HITPOINT WARNING * * *
Casting: Magic Dart (safe; 3% risk of failure)
Confirm with . or Enter, or press ? or * to list all spells.
Aiming: Magic Dart (safe; 3% risk of failure)
Press: ? - help, Shift-Dir - straight line, f/p - centaur
Aim: a centaur (heavily wounded)
The magic dart hits the centaur.
The centaur is severely wounded.
The centaur hits you but does no damage.
The centaur misses you.
Casting: Magic Dart (safe; 3% risk of failure)
Confirm with . or Enter, or press ? or * to list all spells.
Aiming: Magic Dart (safe; 3% risk of failure)
Press: ? - help, Shift-Dir - straight line, f/p - centaur
Aim: a centaur (severely wounded)
The magic dart hits the centaur.
The centaur is severely wounded.
The centaur hits you.
You die...

#.......# .#.. ..
####.......# ##.#. .%.
#..'.......# #... ....
#.##.......###.)#.....
#####.##.........#......#
.......###.......#(#
.......######....#.#
.................#c#.....
##############.#@#.#..#.#####
## #............c.#........#
#. #.###..........##.......#
#. #.#<#...................#
#. #.#.#.........####......#
#. #.#...........#####.....#
#. #.###...#.......†.......#
#. #.#..<..#..÷..####......#
#. #.#...###.....# #.>....#
#.


You could see a centaur.

Vanquished Creatures
  A leopard gecko (D:1)
  2 giant cockroaches (D:2)
  4 goblins
  3 hobgoblins (D:1)
  3 jackals (D:2)
  3 bats (D:1)
  5 kobolds
  5 rats (D:1)
26 creatures vanquished.

Notes
Turn   | Place    | Note
-------+----------+-------------------------------------------
     0 | D:1      | pk666 the Deep Elf Wizard began the quest for the Orb.
     0 | D:1      | Reached XP level 1. HP: 10/10 MP: 7/7
   273 | D:1      | Reached XP level 2. HP: 15/15 MP: 5/9
   473 | D:1      | Reached skill level 5 in Spellcasting
  1105 | D:2      | Reached XP level 3. HP: 19/19 MP: 9/11
  1109 | D:2      | Noticed a centaur
  1126 | D:2      | Slain by a centaur

Vault maps used:
D:1:      lightli_arrival_windingriver, minmay_ruptured
D:2:      first_ration

Skill      XL: |  1  2 |
---------------+-------+-----
Conjurations   | 2 |  2.4
Spellcasting   | 5 |  5.2
Dodging        | |  2.4
Stealth        | |  2.4
Summonings     | |  1.1
Translocations | |  1.1

Action                   || total
-------------------------++-------
Melee: Dagger            ||     2
 Cast: Magic Dart        ||    66
Armor: Robe              ||     8
Dodge: Dodged            ||    25

Table legend:
 A = Spawn XP
 B = Non-spawn XP
 C = Spawn XP percentage of total XP
 D = Spawn monster count
 E = Non-spawn monster count
 F = Spawn count percentage of total count
 G = Total turns spent on level
                    A         B        C        D         E        F      G
               +---------+---------+-------+---------+---------+-------+---------
         Total |       0 |      41 |   0.0 |       0 |      26 |   0.0 |  1126
               +---------+---------+-------+---------+---------+-------+---------
           D:1 |       0 |      26 |   0.0 |       0 |      18 |   0.0 |   690
           D:2 |       0 |      15 |   0.0 |       0 |       8 |   0.0 |   436
               +---------+---------+-------+---------+---------+-------+---------
